 Dungeon Crawl Stone Soup version 0.30-a0-359-gd0147acb1a (webtiles) character file.

Game seed: 15091691043617805595

4223 Lobster4 the Shooter (level 10, -1/69 HPs)
             Began as a Human Hunter on Nov 12, 2022.
             Was a Follower of Hepliaklqana.
             Shot with an arrow by a centaur warrior (11 damage)
             ... on level 8 of the Dungeon.
             The game lasted 00:23:26 (7033 turns).

Lobster4 the Shooter (Human Hunter)                 Turns: 7033, Time: 00:23:27

Health: -1/69      AC:  9    Str: 11    XL:     10   Next: 55%
Magic:  12/14      EV: 14    Int: 11    God:    Hepliaklqana [*.....]
Gold:   497        SH:  0    Dex: 20    Spells: 10/15 levels left

rFire   . . .      SeeInvis +    b - +4 dagger (venom)
rCold   . . .      Faith    .    (no shield)
rNeg    . . .      Spirit   .    E - +0 ring mail {Will+}
rPois   .          Reflect  .    (no helmet)
rElec   .          Harm     .    o - +0 cloak
rCorr   .          Rampage  .    d - +1 pair of gloves
Will    +....                    (no boots)
Stlth   +.........               z - amulet of magic regeneration
HPRegen 0.31/turn                p - ring of see invisible
MPRegen 0.54/turn                x - ring of wizardry

@: about to teleport, on blink cooldown
A: reduced essence
a: Renounce Religion, Recall Ancestor, Ancestor Identity


You were on level 8 of the Dungeon.
You worshipped Hepliaklqana.
Hepliaklqana was aware of your devotion.
You visited 1 branch of the dungeon, and saw 8 of its levels.

You collected 497 gold pieces.

Inventory:

Hand Weapons
 a - a +1 shortbow of freezing
 b - a +4 dagger of venom (weapon)
 c - a +3 short sword
 l - a +0 sling
 C - a +3 falchion
 F - a +1 scimitar of flaming
Missiles
 m - 5 curare-tipped darts
 D - 4 javelins
 I - 2 poisoned darts
Armour
 d - a +1 pair of gloves (worn)
 h - a +1 chain mail of fire resistance
 i - a +0 scale mail
 o - a +0 cloak (worn)
 q - a +1 robe of cold resistance
 E - a +0 ring mail of willpower (worn)
Jewellery
 k - a ring of magical power
 p - a ring of see invisible (left hand)
 x - a ring of wizardry (right hand)
 z - an amulet of magic regeneration (around neck)
 A - a ring of flight
Wands
 s - a wand of digging (5)
 B - a wand of flame (15)
Scrolls
 e - a scroll of magic mapping
 g - a scroll of immolation
 u - 3 scrolls of fog
 y - a scroll of blinking
Potions
 f - a potion of cancellation {unknown}
 j - 3 potions of curing
 n - a potion of brilliance
 t - a potion of haste
 v - 2 potions of magic
 w - a potion of flight {unknown}
 G - a potion of lignification


   Skills:
 + Level 6.6 Fighting
 - Level 2.0(2.2) Short Blades
 - Level 1.4(2.0) Long Blades
 + Level 7.6 Ranged Weapons
 - Level 6.0 Armour
 - Level 6.0 Dodging
 - Level 1.0 Stealth
 - Level 3.0 Spellcasting
 - Level 3.0 Translocations
 + Level 3.1 Air Magic
 - Level 3.0 Invocations
 - Level 3.0 Evocations


You had 10 spell levels left.
You knew the following spells:

 Your Spells              Type           Power      Damage    Failure   Level
a - Blink                 Tloc           16%        N/A       10%         2
b - Swiftness             Air            8%         N/A       17%         3

Your spell library contained the following spells:

 Spells                   Type           Power      Damage    Failure   Level
 Shock                    Conj/Air       20%        1d4       12%         1
 Momentum Strike          Conj/Tloc      8%         3d8       17%         2
 Static Discharge         Conj/Air       10%        2-3/arc   17%         2
 Lesser Beckoning         Tloc           16%        N/A       19%         3
 Vhi's Electric Charge    Tloc/Air       16%        N/A       19%         3
 Sandblast                Erth           2%         2d4       22%         1
 Summon Small Mammal      Summ           4%         N/A       22%         1
 Airstrike                Air            4%         2d(1-17)  50%         4
 Stone Arrow              Conj/Erth      2%         3d7       52%         3
 Animate Armour           Summ/Erth      2%         N/A       89%         4
 Arcjolt                  Conj/Air       2%         1d12      95%         5
 Lightning Bolt           Conj/Air       2%         1d14      95%         5
 Alistair's Intoxication  Tmut/Pois      0%         N/A       99%         5
 Borgnjor's Vile Clutch   Necr/Erth      0%         N/A       99%         5
 Eringya's Noxious Bog    Tmut/Pois      0%         N/A       100%        6
 Lehudib's Crystal Spear  Conj/Erth      0%         10d2      100%        8


Dungeon Overview and Level Annotations

Branches:
Dungeon (8/15)             Temple (0/1) D:6
   Lair: D:8-11

Altars:
Hepliaklqana
Makhleb
Nemelex Xobeh
Sif Muna
Trog
Xom

Shops:
D:8 (

Annotations:
D:5 1 runed translucent door, Crazy Yiuf


Message History

The centaur warrior shoots an arrow.
The arrow closely misses you.
The centaur warrior shoots an arrow.
The arrow barely misses you.
Your +1 shortbow of freezing stops glowing.
Your +4 dagger of venom begins to drip with poison!
b - a +4 dagger of venom (weapon)
Okay, then.
You start resting.
A centaur warrior is nearby!
The centaur warrior unwields a +0 shortbow.
The centaur warrior closely misses you. The centaur warrior misses you.
You closely miss the centaur warrior.
The centaur warrior is moderately wounded.
The centaur warrior barely misses you.
The centaur warrior kicks you but does no damage.
The vampire attacks as you move away!
The vampire hits you but does no damage.
The vampire closely misses you.
The centaur warrior attacks as you move away!
The centaur warrior hits you!
* * * LOW HITPOINT WARNING * * *
The centaur warrior kicks you but does no damage.
The centaur warrior wields a +0 shortbow.
The centaur warrior shoots an arrow.
The arrow completely misses you.
As you read the scroll of teleportation, it crumbles to dust.
You feel strangely unstable. The vampire closely misses you.
The vampire bites you but does no damage.
You hit the vampire.
The vampire is lightly damaged.
The vampire completely misses you. The vampire bites you!
* * * LOW HITPOINT WARNING * * *
The vampire draws strength from your injuries!
You feel much better. The vampire hits you.
* * * LOW HITPOINT WARNING * * *
The vampire bites you!
* * * LOW HITPOINT WARNING * * *
The vampire draws strength from your injuries!
Casting: Blink (safe; 10% risk of failure)
Confirm with . or Enter, or press ? or * to list all spells.
You blink.
The centaur warrior shoots an arrow.
The arrow hits you!
You die...

# ####.####.### #.## #
.#.#....####.# #.#. ##
..............### #.#. .# ###
......#######...## #.#. .###..
......# ##.#.## #.#. ..##.#
#####.# #.###.## #.#. #.##8#
#...######.##.##.## #.#.
#'##.####..#.......##...##.###.#<
....∩.....##....@.##.R#.!##.##.##
.........###.....##..###..##.....
....<....###....##..##:##..##.###
.....>.........##..##)..##..##.##
....8...####cV..##.R##...##.)##.#
###..#### #.##..##..### ##..##.
#### #§.##..##...## ##...#
#.#.##..##..)# ##.##
#†...##.^##)## ##.##


You could see a centaur warrior and a vampire.

Vanquished Creatures
  A vampire mosquito (D:8)
  A steam dragon (D:7)
  Menkaure (D:7)
  3 water moccasins
  2 sky beasts
  Duvessa (D:7)
  An ice beast (D:7)
  3 centaurs
  4 ogres
  3 phantoms
  A kobold brigand (D:8)
  3 bullfrogs
  4 scorpions
  A necrophage (D:8)
  4 wights (D:7)
  Dowan (D:7)
  5 killer bees (D:8)
  4 howler monkeys (D:7)
  2 lava snakes (D:7)
  A hound (D:7)
  4 orc priests
  3 jellies
  4 iguanas
  Terence (D:2)
  7 orc wizards
  5 adders
  A shadow imp (D:6)
  A white imp (D:5)
  2 ufetubi
  4 worms
  16 orcs
  4 ball pythons
  4 bats
  5 endoplasms
  4 giant cockroaches
  9 goblins
  6 hobgoblins (D:1)
  8 jackals
  3 quokkas
  A frilled lizard (D:2)
  13 kobolds
  3 rats
154 creatures vanquished.

Vanquished Creatures (collateral kills)
  An efreet (D:8)
  A black bear (D:8)
  A killer bee (D:8)
3 creatures vanquished.

Vanquished Creatures (others)
  2 ancestors (D:8)
  An orc wizard (D:6)
3 creatures vanquished.

Grand Total: 160 creatures vanquished

Notes
Turn   | Place    | Note
-------+----------+-------------------------------------------
     0 | D:1      | Lobster4 the Human Hunter began the quest for the Orb.
     0 | D:1      | Reached XP level 1. HP: 16/16 MP: 1/1
    95 | D:1      | Reached XP level 2. HP: 22/22 MP: 2/2
   637 | D:2      | Noticed Terence
   647 | D:2      | Killed Terence
   648 | D:2      | Reached skill level 1 in Armour
   648 | D:2      | Reached XP level 3. HP: 27/28 MP: 3/3
   684 | D:2      | Reached skill level 1 in Short Blades
   684 | D:2      | Reached XP level 4. HP: 34/34 MP: 4/4
  1232 | D:3      | Found a burning altar of Makhleb.
  1268 | D:3      | Noticed an ogre
  1275 | D:3      | Killed an ogre
  1276 | D:3      | Reached XP level 5. HP: 41/41 MP: 5/5
  1662 | D:3      | Reached XP level 6. HP: 47/47 MP: 6/6
  1915 | D:4      | Learned a level 2 spell: Blink
  2232 | D:4      | Reached skill level 5 in Ranged Weapons
  2509 | D:5      | Entered Level 5 of the Dungeon
  2553 | D:5      | Reached skill level 1 in Spellcasting
  2553 | D:5      | Reached skill level 1 in Translocations
  2728 | D:5      | Reached XP level 7. HP: 52/52 MP: 8/8
  2760 | D:5      | Noticed a water moccasin
  3065 | D:5      | Found a sparkling altar of Nemelex Xobeh.
  3199 | D:5      | Killed a water moccasin
  3261 | D:5      | Reached XP level 8. HP: 29/60 MP: 7/10
  3449 | D:5      | Found a runed translucent door.
  3450 | D:5      | Noticed Crazy Yiuf
  3517 | D:5      | Found a faded altar of an unknown god.
  3521 | D:5      | Found a hazy altar of Hepliaklqana.
  3529 | D:5      | Became a worshipper of Hepliaklqana the Forgotten
  3653 | D:6      | Found a staircase to the Ecumenical Temple.
  3852 | D:6      | Reached skill level 1 in Invocations
  4255 | D:6      | Reached skill level 6 in Ranged Weapons
  4322 | D:6      | Reached XP level 9. HP: 63/66 MP: 13/13
  4418 | D:6      | Learned a level 3 spell: Swiftness
  4465 | D:7      | Noticed Duvessa
  4469 | D:7      | Noticed Dowan
  4480 | D:7      | Killed Duvessa
  4481 | D:7      | Reached skill level 5 in Dodging
  4728 | D:7      | Found a shimmering altar of Xom.
  4789 | D:6      | Reached skill level 5 in Fighting
  4876 | D:7      | Found a bloodstained altar of Trog.
  4898 | D:7      | Killed Dowan
  4910 | D:7      | Found a shimmering blue altar of Sif Muna.
  4914 | D:7      | Got Sif Muna's Codex of Geology and Companions
  4935 | D:7      | Reached skill level 1 in Air Magic
  5288 | D:7      | Identified the +0 tower shield of the Fiend {rF+ Str+4
                  | Stlth+}
  5371 | D:7      | Noticed Menkaure
  5381 | D:7      | Killed Menkaure
  5396 | D:7      | Reached skill level 5 in Armour
  5588 | D:7      | Reached skill level 1 in Evocations
  5607 | D:7      | Reached XP level 10. HP: 54/76 MP: 14/14
  5636 | D:7      | Reached skill level 7 in Ranged Weapons
  6043 | D:8      | Reached * piety under Hepliaklqana
  6052 | D:8      | Noticed an efreet
  6065 | D:8      | Killed an efreet
  6536 | D:8      | Found Niykhoff's Antique Weapon Shop.
  6611 | D:8      | Reached skill level 1 in Long Blades
  7013 | D:8      | Noticed a centaur warrior
  7033 | D:8      | Shot with an arrow by a centaur warrior

Illustrated notes

Levels and vault maps discovered:
D:1:      dpeg_arrival_castle, layout_rooms
D:2:      layout_rooms, uniq_terence
D:3:      layout_basic, lightli_temple_of_fire, kennysheep_cross_room,
          amcnicky_mini_pool_small, kennysheep_decorative_pillar,
          minmay_misc_feat_square, kennysheep_pointless_box
D:4:      layout_basic
D:5:      layout_loops_ring, lemuel_crystal_altar,
          beargit_hepliaklqana_dungeon_heroes, hellmonk_bongcloud_opening,
          hangedman_decor_riveting, uniq_crazy_yiuf_cottage
D:6:      layout_basic, minmay_temple_entry_proselytizer
D:7:      layout_rooms, nzn_overflow_gifts_of_might_and_magic, xom_butterflies,
          kennysheep_generic_room_2, uniq_menkaure
D:8:      layout_basic, serial_shops, shop_statue, minmay_diamond_spiral

Skill      XL: |  1  2  3  4  5  6  7  8  9 10 |
---------------+-------------------------------+-----
Armour         | 1 2 3 4 5 6 |  6.0
Short Blades   | 1 2 |  2.0
Fighting       | 3 4 5 6 |  6.6
Dodging        | 3 4 5 6 |  6.0
Ranged Weapons | 5 6 7 |  7.6
Spellcasting   | 1 2 3 |  3.0
Translocations | 1 2 3 |  3.0
Invocations    | 2 3 |  3.0
Air Magic      | 2 3 |  3.1
Evocations     | 1 3 |  3.0
Long Blades    | 1 |  1.4
Stealth        | |  1.0

Action                   |  1- 3 |  4- 6 |  7- 9 | 10-12 || total
-------------------------+-------+-------+-------+-------++-------
Melee: Dagger            |       |       |    11 |     4 ||    15
 Fire: Shortbow          |    69 |   181 |   261 |   121 ||   632
 Cast: Blink             |       |       |     1 |     2 ||     3
  Use: Scroll            |       |    13 |     8 |     2 ||    23
       Potion            |       |       |     3 |     3 ||     6
Armor: Leather armour    |     4 |    20 |    23 |       ||    47
       Ring mail         |       |       |    50 |    40 ||    90
Dodge: Dodged            |     9 |    41 |   153 |    81 ||   284

Table legend: (Time is in decaauts)
 A = Elapsed time spent in this place.
 B = Non-inter-level travel time spent in this place.
 C = Inter-level travel time spent in this place.
 D = Time resting spent in this place.
 E = Time spent auto-exploring this place.
 F = Levels seen in this place.
 G = Mean time per level.
                   A        B        C        D        E       F      G
               +--------+--------+--------+--------+--------+-----+--------+
         Total |   7208 |   6862 |    346 |   1396 |   3971 |   8 |  901.0 |
       Dungeon |   7208 |   6862 |    346 |   1396 |   3971 |   8 |  901.0 |
               +--------+--------+--------+--------+--------+-----+--------+

Top non-repeatable levels by time:
     D:7: 1282 daAuts
     D:6: 1149 daAuts
     D:5: 1141 daAuts
     D:8: 1043 daAuts
     D:3: 849 daAuts
     D:4: 642 daAuts
     D:1: 612 daAuts
     D:2: 487 daAuts
